 Dungeon Crawl Stone Soup version 0.21.0-3-g78d12a8 (webtiles) character file.

347 asthiss the Covered (level 6, 0/56 HPs)
             Began as a Minotaur Fighter on Jan 14, 2018.
             Was a Follower of Trog.
             Succumbed to a worker ant's poison
             ... on level 3 of the Dungeon.
             The game lasted 00:07:27 (2274 turns).

asthiss the Covered (Minotaur Fighter)              Turns: 2274, Time: 00:07:27

Health: 0/56       AC:  8    Str: 20 (23) XL:     6   Next: 32%
Magic:  14/14      EV:  7    Int:  2 (5)  God:    Trog [*.....]
Gold:   76         SH:  9    Dex:  7 (9)  Spells: 5/5 levels left

rFire    . . .     SeeInvis .   a - +1 long sword
rCold    . . .     Gourm    .   c - +0 shield
rNeg     . . .     Faith    .   b - +1 scale mail
rPois    .         Spirit   .   (helmet restricted)
rElec    .         Reflect  .   (no cloak)
rCorr    .         Harm     .   (no gloves)
MR       .....                  (no boots)
Stlth    ..........             (no amulet)
HPRegen  0.18/turn              g - ring of magical power
MPRegen  0.14/turn              (no ring)

@: lethally poisoned (0 -> -5)
A: retaliatory headbutt, horns 2
a: Berserk, Burn Spellbooks, Renounce Religion


You were on level 3 of the Dungeon.
You worshipped Trog.
Trog was aware of your devotion.
You were not hungry.

You visited 1 branch of the dungeon, and saw 3 of its levels.

You collected 76 gold pieces.

Inventory:

Hand Weapons
 a - a +1 long sword (weapon)
Armour
 b - a +1 scale mail (worn)
 c - a +0 shield (worn)
Jewellery
 g - a ring of magical power (left hand)
Scrolls
 e - a scroll of identify
 i - a scroll of fear
 j - 2 scrolls of remove curse
 k - 2 scrolls of fog
 l - a scroll of magic mapping
Potions
 d - 2 potions of might
Comestibles
 f - 4 rations


   Skills:
 + Level 5.3 Fighting
 + Level 4.5 Long Blades
 + Level 5.3 Armour
 + Level 5.3 Shields


You had 5 spell levels left.
You didn't know any spells.

Dungeon Overview and Level Annotations

Branches:
Dungeon (3/15)

Altars:
Sif Muna
Trog
Wu Jian

Annotations:
D:3 Blork the orc


Innate Abilities, Weirdness & Mutations

You reflexively headbutt those who attack you in melee.
You have a pair of horns on your head.


Message History

You feel sick.
* * * LOW HITPOINT WARNING * * *
You feel sick.
* * * LOW HITPOINT WARNING * * *
You feel sick.
* * * LOW HITPOINT WARNING * * *
You feel sick.
* * * LOW HITPOINT WARNING * * *
You feel sick.
* * * LOW HITPOINT WARNING * * *
You feel sick.
Found a ration.
* * * LOW HITPOINT WARNING * * *
You feel sick.
* * * LOW HITPOINT WARNING * * *
You feel sick.
* * * LOW HITPOINT WARNING * * *
You feel sick.
An ooze comes into view.
You die...

.#. .J. ##
#.# #. #.#
#. #.# # #%#
#.# #@# #..
#.# #.# #.#
#.#
#.##########
#.#
#..........#
##.#
##########.#
#... #.#
#..#
#.####..#
####........


You could see an ooze (wandering).

Vanquished Creatures
  Sigmund (D:2)
  Crazy Yiuf (D:2)
  A worker ant (D:3)
  6 adders
  An ooze (D:1)
  2 worms (D:2)
  2 dart slugs (D:1)
  2 leopard geckos
  2 orcs (D:3)
  A giant cockroach (D:3)
  6 goblins
  7 hobgoblins
  7 jackals
  16 kobolds
  A quokka (D:2)
  6 bats
  2 frilled lizards
  4 rats
68 creatures vanquished.

Notes
Turn   | Place    | Note
-------+----------+-------------------------------------------
     0 | D:1      | asthiss the Minotaur Fighter began the quest for the Orb.
     0 | D:1      | Reached XP level 1. HP: 19/19 MP: 0/0
    55 | D:1      | Reached XP level 2. HP: 25/27 MP: 1/1
   279 | D:1      | Reached XP level 3. HP: 33/33 MP: 2/2
   876 | D:2      | Reached XP level 4. HP: 41/41 MP: 3/3
  1214 | D:2      | Noticed Sigmund
  1222 | D:2      | Killed Sigmund
  1222 | D:2      | Reached skill level 5 in Fighting
  1222 | D:2      | Reached skill level 5 in Armour
  1222 | D:2      | Reached skill level 5 in Shields
  1222 | D:2      | Reached XP level 5. HP: 48/48 MP: 4/4
  1266 | D:2      | Found a runed door.
  1384 | D:2      | Found a bloodstained altar of Trog.
  1396 | D:2      | Became a worshipper of Trog the Wrathful
  1513 | D:2      | Noticed Crazy Yiuf
  1517 | D:2      | Killed Crazy Yiuf
  1517 | D:2      | Reached XP level 6. HP: 56/56 MP: 5/5
  1667 | D:3      | Found an ornate altar of the Wu Jian Council.
  1751 | D:3      | Noticed Blork the orc
  1760 | D:3      | Found a deep blue altar of Sif Muna.
  2262 | D:3      | Reached * piety under Trog
  2267 | D:3      | HP: 5/56 [poisoned by a worker ant]
  2270 | D:3      | HP: 2/56 [poisoned by a worker ant]
  2274 | D:3      | Succumbed to a worker ant's poison

Skill      XL: |  1  2  3  4 |
---------------+-------------+-----
Armour         | 4 5 |  5.3
Shields        | 4 5 |  5.3
Fighting       | 4 5 |  5.3
Long Blades    | 3 4 |  4.5

Action                   |  1- 3 |  4- 6 || total
-------------------------+-------+-------++-------
Melee: Long sword        |    98 |    85 ||   183
       Headbutt          |    12 |    10 ||    22
  Use: Scroll            |     6 |     3 ||     9
       Potion            |       |     3 ||     3
  Eat: Chunk             |       |     1 ||     1
       Ration            |       |     1 ||     1
Armor: Scale mail        |    40 |    26 ||    66
Dodge: Dodged            |    42 |    21 ||    63
Block: Shield            |    65 |    53 ||   118
       Rpst.: Long sword |     7 |     6 ||    13
